 Dungeon Crawl Stone Soup version 0.25-a0-942-g87a53962fc (webtiles) character file.

Game seed: 12864878575872638534, levelgen mode: deterministic

42 MisterFreud the Skirmisher (level 3, 0/35 HPs)
             Began as a Gnoll Abyssal Knight on May 7, 2020.
             Was a Follower of Lugonu.
             Slain by an adder (4 damage)
             ... on level 1 of the Dungeon.
             The game lasted 00:02:12 (1497 turns).

MisterFreud the Skirmisher (Gnoll Abyssal Knight)   Turns: 1497, Time: 00:02:13

Health: 0/35       AC:  9    Str: 14    XL:     3   Next: 56%
Magic:  6/6        EV:  7    Int: 15    God:    Lugonu [*.....]
Gold:   49         SH:  0    Dex: 14    Spells: 3/3 levels left

rFire    . . .     SeeInvis .   a - +1 short sword
rCold    . . .     Gourm    .   (no shield)
rNeg     . . .     Faith    .   o - +0 chain mail
rPois    .         Spirit   .   (no helmet)
rElec    .         Reflect  .   (no cloak)
rCorr    .         Harm     .   (no gloves)
MR       .....                  (no boots)
Stlth    ..........             (no amulet)
HPRegen  0.11/turn              (no ring)
MPRegen  0.10/turn              (no ring)

@: lethally poisoned (0 -> -3)
A: distributed training, fangs 1, strong nose
a: Depart the Abyss, Renounce Religion


You were on level 1 of the Dungeon.
You worshipped Lugonu.
Lugonu was aware of your devotion.
You were hungry.

You visited 1 branch of the dungeon, and saw 2 of its levels.
You visited the Abyss 1 time.

You collected 49 gold pieces.

Inventory:

Hand Weapons
 a - a +1 short sword (weapon)
Missiles
 e - 19 arrows
 i - 56 stones (quivered)
Armour
 b - a +0 leather armour
 k - a +0 ring mail
 o - a +0 chain mail (worn)
Scrolls
 h - 4 scrolls of remove curse {unknown}
 l - a scroll of identify {unknown}
 n - a scroll of fog {unknown}
Potions
 j - a potion of brilliance {unknown}
Comestibles
 c - 3 rations


   Skills:
 + Level 6.5 Fighting
 + Level 4.5 Short Blades
 + Level 0.8 Long Blades
 + Level 0.8 Axes
 + Level 0.8 Maces & Flails
 + Level 0.8 Polearms
 + Level 0.8 Staves
 + Level 0.8 Slings
 + Level 0.8 Bows
 + Level 0.8 Crossbows
 + Level 0.8 Throwing
 + Level 4.5 Armour
 + Level 2.6 Dodging
 + Level 0.8 Stealth
 + Level 0.8 Shields
 + Level 0.8 Unarmed Combat
 + Level 0.8 Spellcasting
 + Level 0.5 Conjurations
 + Level 0.5 Hexes
 + Level 0.5 Charms
 + Level 0.5 Summonings
 + Level 0.5 Necromancy
 + Level 0.5 Translocations
 + Level 0.5 Transmutations
 + Level 0.5 Fire Magic
 + Level 0.5 Ice Magic
 + Level 0.5 Air Magic
 + Level 0.5 Earth Magic
 + Level 0.5 Poison Magic
 + Level 4.6 Invocations
 + Level 0.8 Evocations


You had 3 spell levels left.
You didn't know any spells.
Your spell library was empty.

Dungeon Overview and Level Annotations

Branches:
Dungeon (2/15)

Altars:


Innate Abilities, Weirdness & Mutations

Your experience applies equally to all skills.
You have very sharp teeth.
Your uncanny sense of smell can sniff out nearby items.


Message History

Your chain mail prevents you from hitting the adder.
The adder is severely wounded.
The adder closely misses you.
You miss the adder. Your bite misses the adder.
The adder is severely wounded.
The adder barely misses you.
You hit the adder.
The adder is almost dead.
The adder bites you.
* * * LOW HITPOINT WARNING * * *
You are poisoned.
The adder poisons you!
You miss the adder.
The adder is almost dead.
* * * LOW HITPOINT WARNING * * *
You feel sick. The adder closely misses you.
You completely miss the adder.
The adder is almost dead.
The adder bites you.
You die...

#.#
##...#..###.#.####..#.
#.#
##..#..........##..#.
#.#
##.##.#.....#.##..#.
#.#
#.##.............##
#.#
#.####.........#.##
#.# #.# #.........#...
#####.# #.#
####...###.#.##
......#
#.###............#
#######
#.@S.............# #
#####............# #
####...###...# # #...#
#...## # #.).###...#.
####### #.......###.
#.....#
#########..###......
#.###.#
#...........###.#.#.
#.# #># ##.#######...#
###...


You could see an adder.

Vanquished Creatures
  An adder (D:2)
  3 dart slugs
  2 leopard geckos
  4 bats (D:1)
  3 giant cockroaches (D:1)
  A hobgoblin (D:2)
  3 kobolds
  2 frilled lizards
  3 goblins (D:1)
  2 rats
24 creatures vanquished.

Notes
Turn   | Place    | Note
-------+----------+-------------------------------------------
     0 | Abyss:1  | MisterFreud the Gnoll Abyssal Knight began the quest for
                  | the Orb.
     0 | Abyss:1  | Reached XP level 1. HP: 23/23 MP: 3/3
    41 | Abyss:1  | Found a corrupted altar of Lugonu.
    57 | Abyss:1  | Found a corrupted altar of Lugonu.
    76 | D:1      | Escaped the Abyss
   298 | D:1      | Reached XP level 2. HP: 27/29 MP: 5/5
   926 | D:2      | Reached XP level 3. HP: 26/35 MP: 6/6
  1489 | D:1      | HP: 1/35 [adder (2)]
  1497 | D:1      | Slain by an adder

Levels and vault maps discovered:
D:1:      roderic_chinese_lattice_arrival, layout_loops_ring,
          serial_park_tiny_pond
D:2:      layout_basic, old_standard_altar, first_ration,
          palyth_stone_intersect, uniq_terence

Action                   || total
-------------------------++-------
Melee: Short sword       ||    91
       Bite              ||    13
Throw: Dart              ||     7
       Stone             ||     1
  Use: Potion            ||     2
 Stab: Sleeping          ||     1
  Eat: Chunk             ||     1
Armor: Leather armour    ||    18
       Ring mail         ||    17
       Chain mail        ||    15
Dodge: Dodged            ||    71

Table legend:
 A = Non-vault XP
 B = Vault XP
 C = Vault XP percentage of total XP
 D = Non-vault monster count
 E = Vault monster count
 F = Vault count percentage of total count
                 A         B        C        D         E       F
            +---------+---------+-------+---------+---------+-------
      Total |      61 |       0 |   0.0 |      24 |       0 |   0.0
            +---------+---------+-------+---------+---------+-------
        D:1 |      31 |       0 |   0.0 |      16 |       0 |   0.0
        D:2 |      30 |       0 |   0.0 |       8 |       0 |   0.0
            +---------+---------+-------+---------+---------+-------
